AoeStats
← Sanzo1405

Arabia

509919751Analyzed
1v1 RM · 4d ago on Sep 28, 2026· 41m 24s· 2 players
Game mode
Random Map
Map size
Tiny (2 player)
Population
200
Speed
Normal
Resources
Standard
Victory
Conquest
Starting age
Dark Age
Ending age
Imperial Age
RankedLock teamsTeams togetherTeam positionsShared explorationLock speedFull tech treeHidden civsTurbo modeCheats
Victory
Defeat
🇹🇼 Mongols · Taiwan
1280
+15
🇪🇸 Slavs · Spain
1259
-15
Sanzo1405
6:22 Loom
10:04 Feudal Age
10:33 Double-Bit Axe
19:14 Wheelbarrow
19:59 Gold Mining
22:39 Castle Age
21:27 Padded Archer Armor
21:20 Fletching
21:31 Horse Collar
22:49 Scale Mail Armor
22:43 Crossbowman
23:21 Bodkin Arrow
24:02 Bow Saw
23:22 Elite Skirmisher
23:59 Town Watch
25:59 Gold Shaft Mining
24:46 Pikeman
25:52 Squires
26:54 Leather Archer Armor
30:06 Stone Mining
33:56 Imperial Age
31:47 Heavy Plow
32:43 Ballistics
32:53 Chain Mail Armor
33:25 Hand Cart
34:08 Forging
36:06 Chemistry
35:27 Town Patrol
36:41 Two-Man Saw
36:13 Crop Rotation
37:37 Ring Archer Armor
38:16 Bloodlines
38:07 Husbandry
38:10 Detinets
38:27 Scale Barding Armor
38:52 Masonry
39:20 Conscription
39:18 Murder Holes
40:13 Halberdier
41:55 Plate Mail Armor
42:24 Iron Casting
MS.
5:50 Loom
8:55 Feudal Age
9:32 Double-Bit Axe
9:43 Horse Collar
19:38 Castle Age
18:39 Bloodlines
18:36 Gold Mining
19:50 Forging
20:34 Fletching
21:41 Bow Saw
26:03 Ballistics
25:52 Town Watch
26:44 Wheelbarrow
28:10 Bodkin Arrow
30:42 Hand Cart
35:38 Imperial Age
33:21 Heavy Plow
33:59 Thumb Ring
34:04 Husbandry
34:23 Light Cavalry
35:24 Padded Archer Armor
35:29 Scale Barding Armor
36:26 Leather Archer Armor
37:19 Chemistry
36:21 Bracer
36:06 Hussar
37:04 Leather Archer Armor
37:38 Chain Barding Armor
38:18 Conscription
40:05 Iron Casting
42:28 Blast Furnace
Connection lost

Rejoining the realm…

Still unreachable

The connection could not be restored.

Session expired

The server has moved on; the page needs a fresh start.